 Dungeon Crawl Stone Soup version 0.30-a0-634-g8abc85282e (webtiles) character file.

Game seed: 9158599646710459762

97 Dirtsage the Changer (level 4, 0/28 HPs)
             Began as an Octopode Transmuter on Jan 14, 2023.
             Was a Priest of Elyvilon.
             Slain by an orc wizard
             ... wielding a +0 dagger
              (4 damage)
             ... on level 3 of the Dungeon.
             The game lasted 00:03:55 (2520 turns).

Dirtsage the Changer (Octopode Transmuter)          Turns: 2520, Time: 00:03:55

Health: 0/28       AC:  1    Str:  9    XL:     4   Next: 68%
Magic:  6/7        EV: 18    Int: 17    God:    Elyvilon [***...]
Gold:   82         SH:  0    Dex: 12    Spells: 0/7 levels left

rFire   . . .      SeeInvis .      - Unarmed
rCold   . . .      Faith    .    (no shield)
rNeg    . . .      Spirit   .    (helmet restricted)
rPois   .          Reflect  .    (no amulet)
rElec   .          Harm     .    e - +5 ring of evasion
rCorr   .          Rampage  .    (no ring)
Will    .....                    (no ring)
Stlth   ++                       (no ring)
HPRegen 0.24/turn                (no ring)
MPRegen 0.10/turn                (no ring)
                                 (no ring)
                                 (no ring)

@: wereblooded
A: almost no armour, amphibious, 8 rings, camouflage 1, gelatinous body 1,
(nimble swimmer 1), tentacles
a: Renounce Religion, Purification, Heal Other, Heal Self


You were on level 3 of the Dungeon.
You worshipped Elyvilon.
Elyvilon was most pleased with you.
You visited 1 branch of the dungeon, and saw 4 of its levels.

You collected 82 gold pieces.

Inventory:

Missiles
 k - 2 throwing nets
Jewellery
 e - a +5 ring of evasion (left tentacle)
 n - a +4 ring of protection
Scrolls
 b - 3 scrolls of teleportation {unknown}
 g - 2 scrolls of identify {unknown}
 h - a scroll of fear {unknown}
 l - a scroll of acquirement {unknown}
 m - 2 scrolls of enchant weapon {unknown}
Potions
 a - a potion of lignification
 c - a potion of degeneration {unknown}
 d - a potion of mutation {unknown}
 f - a potion of heal wounds {unknown}
 i - a potion of haste {unknown}
 j - a potion of magic {unknown}


   Skills:
 - Level 1.0 Fighting
 - Level 2.0 Dodging
 - Level 3.0 Unarmed Combat
 - Level 2.0 Spellcasting
 * Level 3.6 Transmutations
 * Level 2.8 Ice Magic


You couldn't memorise any spells.
You knew the following spells:

 Your Spells              Type           Power      Damage    Failure   Level
a - Beastly Appendage     Tmut           26%        N/A       4%          1
b - Wereblood             Tmut           13%        N/A       7%          2
c - Ice Form              Ice/Tmut       12%        N/A       45%         4

Your spell library contained the following spells:

 Spells                   Type           Power      Damage    Failure   Level
 Spider Form              Tmut/Pois      7%         N/A       28%         3
 Gell's Gravitas          Tloc           1%         N/A       50%         3
 Lesser Beckoning         Tloc           2%         N/A       50%         3
 Teleport Other           Tloc           1%         N/A       50%         3


Dungeon Overview and Level Annotations

Branches:
Dungeon (4/15)
 Temple: D:4-7

Altars:
Dithmenos
Elyvilon
Gozag
Hepliaklqana
Kikubaaqudgha

Shops:
D:1 (


Innate Abilities, Weirdness & Mutations

You cannot wear most types of armour.
You are amphibious.
You can wear up to eight rings at the same time.
Your skin changes colour to match your surroundings (Stealth+).
Your rubbery body absorbs attacks. (AC +1, EV +1)
((You are camouflaged when in or above water. (Stealth+)))
You have tentacles for arms and can constrict up to eight enemies at once.


Message History

You squeeze the orc.
You kill the orc!
You howl as the wereblood boils in your veins!
You hear a shout!
You swing at nothing.
You swing at nothing.
A magic dart appears from out of thin air!
The magic dart hits you!
You take 7 damage, and have 21/28 hp.
MASSIVE DAMAGE!!
You swing at nothing.
An orc comes into view. It is wielding a +0 hand axe.
You closely miss something. Your squeeze misses something.
Your tentacle spike disappears.
Something hits you.
You take 5 damage, and have 17/28 hp.
You barely miss something. Something barely misses you.
You miss something. You barely miss something. Your squeeze misses something.
You hear some strange, mumbled words.
A magic dart appears from out of thin air!
The magic dart hits you!
The orc throws a boomerang.
The boomerang hits you but does no damage.
You take 7 damage, and have 10/28 hp.
MASSIVE DAMAGE!!
You tentacle-slap something but do no damage.
Your squeeze misses something. Something hits you.
* * * LOW HITPOINT WARNING * * *
You take 4 damage, and have 6/28 hp.
You barely miss something.
You hear some strange, mumbled words.
A magic dart appears from out of thin air!
The magic dart hits you! Elyvilon protects you from harm!
You closely miss something. Something hits you.
* * * LOW HITPOINT WARNING * * *
The orc wizard casts a spell.
The orc wizard flickers and vanishes!
You take 2 damage, and have 4/28 hp.
You closely miss something.
Your tentacle-slap misses something.
Your squeeze misses something. Something hits you.
You die...

#.###.#.#.#.....#
#########.......#
##8###8###8#.......####
#.....................#
#
#8............########.#
# ##.....{..o.o{# #.###
# #..o##8###8#o# #...# #
#..o ### ###{# ###.## #
#⌠.. #@# #..## # ##. #.#
##..# #o #.# ##.### #.#
#.##8 #.# ###.. #.#
###... #.#####.# #8....
........# ##.....
#######.# ### ####.....8


You could see 2 orcs.

Vanquished Creatures
  2 adders
  3 worms
  4 dart slugs
  4 orcs (D:3)
  5 ball pythons
  3 endoplasms
  3 giant cockroaches
  3 goblins
  6 hobgoblins
  2 jackals (D:1)
  2 quokkas
  6 bats
  A frilled lizard (D:3)
  7 kobolds
  7 rats
  A spectral hobgoblin (D:3)
59 creatures vanquished.

Notes
Turn   | Place    | Note
-------+----------+-------------------------------------------
     0 | D:1      | Dirtsage the Octopode Transmuter began the quest for the
                  | Orb.
     0 | D:1      | Reached XP level 1. HP: 13/13 MP: 3/3
   180 | D:1      | Reached skill level 1 in Ice Magic
   180 | D:1      | Reached XP level 2. HP: 14/18 MP: 5/5
   200 | D:1      | Learned a level 2 spell: Wereblood
   231 | D:1      | Found Emneuzo's Weapon Emporium.
   826 | D:2      | Reached XP level 3. HP: 16/23 MP: 6/6
   922 | D:2      | Found a faded altar of an unknown god.
   934 | D:2      | Prayed at the altar of an unknown god.
   934 | D:2      | Became a worshipper of Elyvilon the Healer
   934 | D:2      | Reached * piety under Elyvilon
   964 | D:2      | You fall into a shaft and drop 2 floors!
   964 | D:4      | Found a shadowy altar of Dithmenos.
  1373 | D:2      | Reached ** piety under Elyvilon
  1699 | D:3      | Reached XP level 4. HP: 24/28 MP: 7/7
  1712 | D:3      | Learned a level 4 spell: Ice Form
  2144 | D:3      | Found an ancient bone altar of Kikubaaqudgha.
  2231 | D:3      | Found an opulent altar of Gozag.
  2432 | D:3      | Found a hazy altar of Hepliaklqana.
  2473 | D:3      | Reached *** piety under Elyvilon
  2518 | D:3      | Elyvilon protects you from harm!
  2520 | D:3      | Slain by an orc wizard

Illustrated notes

Levels and vault maps discovered:
D:1:      giann_wishing_wells, layout_loops_ring, serial_shops,
          nicolae_diamond_shop
D:2:      layout_loops_ring, basic_ecumenical_altar
D:3:      layout_basic, nicolae_kikubaaqudgha_miasma_corner,
          nicolae_hepliaklqana_monster_ancestors, mainiacjoe_overflow_alcove_2,
          serial_corexii_hall, chequers_hall_statues_y, chequers_hall_statues_y,
          corexii_hall_statues_x, corexii_hall_statues_l,
          chequers_hall_statues_wall_a, chequers_hall_statues_wall_a, hex_medium
D:4:      layout_loops_ring, grunt_dithmenos_smoke_and_mirrors,
          mainiacjoe_overflow_concentric_impassable, minmay_temple_entry_trees,
          uniq_sigmund, uniq_crazy_yiuf_cottage, uniq_grinder

Skill      XL: |  1  2  3 |
---------------+----------+-----
Ice Magic      | 1 2 |  2.8
Transmutations | 3 |  3.6
Fighting       | |  1.0
Dodging        | |  2.0
Unarmed Combat | |  3.0
Spellcasting   | |  2.0

Action                   |  1- 3 |  4- 6 || total
-------------------------+-------+-------++-------
Melee: Unarmed           |    83 |    56 ||   139
       Constrict         |    21 |    12 ||    33
       Tentacles         |    15 |     6 ||    21
       Kick              |    10 |    14 ||    24
       Punch             |     3 |     3 ||     6
 Cast: Beastly Appendage |     6 |     6 ||    12
       Wereblood         |       |     1 ||     1
 Stab: Sleeping          |    10 |     2 ||    12
       Distracted        |     1 |       ||     1
Armor: Skin              |     3 |     3 ||     6
Dodge: Dodged            |    38 |    34 ||    72

Table legend: (Time is in decaauts)
 A = Elapsed time spent in this place.
 B = Non-inter-level travel time spent in this place.
 C = Inter-level travel time spent in this place.
 D = Time resting spent in this place.
 E = Time spent auto-exploring this place.
 F = Levels seen in this place.
 G = Mean time per level.
                   A        B        C        D        E       F      G
               +--------+--------+--------+--------+--------+-----+--------+
         Total |   2510 |   2467 |     43 |      0 |   2033 |   4 |  627.5 |
       Dungeon |   2510 |   2467 |     43 |      0 |   2033 |   4 |  627.5 |
               +--------+--------+--------+--------+--------+-----+--------+

Top non-repeatable levels by time:
     D:2: 904 daAuts
     D:3: 883 daAuts
     D:1: 716 daAuts
     D:4: 6 daAuts
